 Dungeon Crawl Stone Soup version 0.24.0-13-gcf9b3192b9 (webtiles) character file.

Game seed: 6360849284175353349, levelgen mode: deterministic

441 Curus the Cleaver (level 6, -5/50 HPs)
             Began as a Minotaur Gladiator on Nov 5, 2019.
             Was a Believer of Lugonu.
             Killed by divine providence
             ... invoked by an orc priest
              (14 damage)
             ... on level 3 of the Dungeon.
             The game lasted 00:15:59 (3000 turns).

Curus the Cleaver (Minotaur Gladiator)              Turns: 3000, Time: 00:15:59

Health: -5/50      AC: 12    Str: 18    XL:     6   Next: 70%
Magic:  4/5        EV: 11    Int:  7    God:    Lugonu [**....]
Gold:   117        SH:  0    Dex: 12    Spells: 5/5 levels left

rFire    . . .     SeeInvis .   a - +0 war axe
rCold    . . .     Gourm    .   (no shield)
rNeg     . . .     Faith    .   e - +0 chain mail
rPois    .         Spirit   .   c - +1 hat
rElec    .         Reflect  .   q - +1 cloak
rCorr    .         Harm     .   i - +0 pair of gloves
MR       .....                  (no boots)
Stlth    ..........             (no amulet)
HPRegen  0.16/turn              h - +3 ring of evasion
MPRegen  0.09/turn              (no ring)

@: no status effects
A: retaliatory headbutt, horns 2, evolution 1, MP-powered wands
a: Depart the Abyss, Bend Space, Renounce Religion


You were on level 3 of the Dungeon.
You worshipped Lugonu.
Lugonu was pleased with you.
You were not hungry.

You visited 2 branches of the dungeon, and saw 5 of its levels.
You also visited: Sewer.

You collected 117 gold pieces.

Inventory:

Hand Weapons
 a - a +0 war axe (weapon)
Missiles
 d - 3 throwing nets (quivered)
Armour
 b - a +0 leather armour
 c - a +1 hat (worn)
 e - a +0 chain mail (worn)
 i - a +0 pair of gloves (worn)
 m - a +0 cloak
 q - a +1 cloak (worn)
Jewellery
 g - a -2 ring of evasion
 h - a +3 ring of evasion (left hand)
Wands
 o - a wand of polymorph (8)
Scrolls
 j - 4 scrolls of identify
 n - 3 scrolls of fear
 p - a scroll of remove curse
 r - a scroll of teleportation
Potions
 k - a potion of invisibility
 l - a potion of curing
Comestibles
 f - 6 rations


   Skills:
 - Level 2.4 Fighting
 + Level 9.0 Axes
 - Level 2.0 Throwing
 - Level 3.2 Dodging
 + Level 1.2 Invocations


You had 5 spell levels left.
You didn't know any spells.
Your spell library was empty.

Dungeon Overview and Level Annotations

Branches:
Dungeon (4/15)             Temple (1/1) D:4           Sewer (visited)

Altars:
Gozag
Hepliaklqana
Makhleb
Qazlal
Ru
Uskayaw
Vehumet
Wu Jian
Xom
Yredelemnul
Zin
The Shining One
Lugonu


Innate Abilities, Weirdness & Mutations

You reflexively headbutt those who attack you in melee.
You have a pair of horns on your head.
You evolve.
You expend magic power (3 MP) to strengthen your wands.


Message History

The orc priest mumbles some strange prayers to Beogh against you.
Pain shoots through your body! The goblin hits you but does no damage.
The orc warrior hits you with a +0 long sword.
You climb upwards.
There is a stone staircase leading down here.
You hit the orc priest.
The orc priest is lightly wounded.
You slash the goblin!
You kill the goblin!
Lugonu accepts your kill.
You hit the orc warrior but do no damage.
The orc priest mumbles some strange prayers to Beogh against you.
Pain shoots through your body!
* * * LOW HITPOINT WARNING * * *
The orc warrior hits you with a +0 long sword.
* * * LOW HITPOINT WARNING * * *
Space bends around you!
You blink.
The orc priest invokes the aid of Beogh against you.
Beogh smites you!
You die...

#.# #....##...# #.#
####.##...# ## #.# #.##...# #_
#.# #####'##...# ##. #.#
#..........# #####.. #.#
#..........# #..#..# #.#
#........### #!.#.## #.#
#........##########..#.## #.#
#.......@o.o>.......##.#_ #.#
#........###†.......'..#. #.#
#........#############.#_ #.#
#....................#.##
#.###########.###########.#.##
#................# #...#..#
#########........# #...##..
#........# #....##.
#........#### ###...#_


You could see an orc warrior and an orc priest.

Vanquished Creatures
  Purgy (Sewer)
  Crazy Yiuf (D:2)
  3 orc priests
  Natasha (D:2)
  2 worker ants (D:4)
  3 gnolls (D:2)
  6 adders
  An ooze (D:1)
  An adder skeleton (D:4)
  3 dart slugs
  3 orcs (D:3)
  2 ball pythons
  8 bats
  5 giant cockroaches
  4 goblins
  3 hobgoblins
  10 kobolds
  A quokka (D:4)
  3 frilled lizards
  22 rats
83 creatures vanquished.

Notes
Turn   | Place    | Note
-------+----------+-------------------------------------------
     0 | D:1      | Curus the Minotaur Gladiator began the quest for the Orb.
     0 | D:1      | Reached XP level 1. HP: 18/18 MP: 0/0
    89 | D:1      | Reached skill level 4 in Axes
   304 | D:1      | Reached XP level 2. HP: 25/25 MP: 1/1
   995 | D:2      | Reached skill level 5 in Axes
  1027 | D:2      | Reached XP level 3. HP: 26/30 MP: 2/2
  1107 | D:2      | You fall into a shaft and drop 2 floors!
  1107 | D:4      | Found a staircase to the Ecumenical Temple.
  1110 | D:4      | Reached skill level 6 in Axes
  1110 | D:4      | Reached XP level 4. HP: 28/37 MP: 3/3
  1124 | Temple   | Entered the Ecumenical Temple
  1137 | Temple   | Became a worshipper of Lugonu the Unformed
  1137 | Temple   | Reached * piety under Lugonu
  1200 | D:4      | Reached XP level 5. HP: 18/42 MP: 4/4
  1382 | D:4      | Reached skill level 7 in Axes
  1388 | D:4      | Reached ** piety under Lugonu
  1657 | D:3      | Found a stormy altar of Qazlal.
  1657 | D:3      | Found a sacrificial altar of Ru.
  1662 | D:3      | Found a hazy altar of Hepliaklqana.
  1664 | D:3      | Found a burning altar of Makhleb.
  1666 | D:3      | Found a radiant altar of Vehumet.
  1828 | D:3      | Found a faded altar of an unknown god.
  1869 | D:3      | Found a glowing drain.
  1881 | Sewer    | Entered a sewer
  1969 | Sewer    | Gained mutation: You expend magic power (3 MP) to
                  | strengthen your wands. [potion of mutation]
  1969 | Sewer    | Gained mutation: You evolve. [potion of mutation]
  2008 | Sewer    | Noticed Purgy
  2015 | Sewer    | Killed Purgy
  2015 | Sewer    | Reached skill level 8 in Axes
  2015 | Sewer    | Reached XP level 6. HP: 32/50 MP: 5/5
  2395 | D:2      | Found a glowing silver altar of Zin.
  2400 | D:2      | Found a hide-covered altar of Uskayaw.
  2400 | D:2      | Found an opulent altar of Gozag.
  2435 | D:2      | Noticed Natasha
  2441 | D:2      | Killed Natasha
  2503 | D:2      | Found a glowing golden altar of the Shining One.
  2684 | D:2      | Found a runed translucent door.
  2685 | D:2      | Noticed Crazy Yiuf
  2730 | D:2      | Killed Crazy Yiuf
  2981 | D:4      | Noticed an orc warrior
  2992 | D:4      | Reached skill level 9 in Axes
  2992 | D:4      | Reached skill level 1 in Invocations
  3000 | D:3      | Killed from afar by an orc priest

Levels and vault maps discovered:
D:1:      dpeg_arrival_simpleton_c, layout_loops_ring, minmay_pentomino_s2
D:2:      layout_basic, lemuel_coloured_pillars_altar,
          gammafunk_temple_overflow_forgotten, uniq_natasha,
          uniq_crazy_yiuf_cottage
D:3:      layout_basic, chequers_temple_overflow_minitemple,
          portal_sewer_entry_d, chequers_ecumenical_altar_simple_redux
D:4:      kennysheep_goblin_castle, layout_cave_pods,
          minmay_temple_entry_proselytizer, minmay_rat_hole, uniq_robin
Temple:   kb_corrupted_temple

Skill      XL: |  1  2  3  4  5  6 |
---------------+-------------------+-----
Axes           | 4 5 6 8 9 |  9.0
Invocations    | 1 |  1.2
Fighting       | |  2.4
Throwing       | |  2.0
Dodging        | |  3.2

Action                   |  1- 3 |  4- 6 || total
-------------------------+-------+-------++-------
Melee: War axe           |    54 |   120 ||   174
       Headbutt          |     7 |    24 ||    31
Invok: Bend Space        |       |     1 ||     1
  Use: Potion            |     4 |     3 ||     7
       Scroll            |     5 |     2 ||     7
  Eat: Chunk             |       |     4 ||     4
       Ration            |       |     1 ||     1
Armor: Leather armour    |     7 |       ||     7
       Chain mail        |    22 |    46 ||    68
Dodge: Dodged            |    30 |    60 ||    90
